cohdb
Replays
Latest Replays
All Replays
Popular Replays
Top Player Replays
Match Explorer
How It Works
Community
CoH3 Stats
Reddit
Sign in to upload your games and track your stats! →
Sign in with Steam
Match 38160063
Unlisted
Match 38160063
Overview
Messages
Build Orders
End
Kradschützen Motorcycle Team
Panzergrenadier Squad
Selects Italian Combined Arms Battlegroup
Selects Bersaglieri Squad
Bersaglieri Squad
Selects Bersaglieri Bolster
Construct Light Support Kompanie
2.5-tonne Medical Truck
Bersaglieri Squad
Fire Support Elements
le.IG 18 Mechanized Group
Veteran Squad Leaders
Construct Panzerarmee Kommand
Selects Breda Model 30 Light Machine Guns
Vehicle Survival Package
Panzer III L Medium Tank
Emergency Repair Kits
Selects Semovente da 75/18 Assault Gun
Armored Reserves
Selects Strafing Run
Tiger Heavy Tank
Advanced Optics
Panzerpioneer Squad
Selects Artillery Cover
Semovente da 75/18 Assault Gun
Semovente da 75/18 Assault Gun
Tungsten Core Ammunition
Artillery Cover
Bersaglieri Squad
Rapid Advance
Construct Mechanized Kompanie
The Sloth
Jenasaie
kenleung
Quetzalcoatl phantom
Ayeyoooo
gghhhjjkkll
janemba914
한국사람
0
0
Comments
sign in to comment!
No comments posted yet!